 Dungeon Crawl Stone Soup version 0.23.2-1-ga50397a (webtiles) character file.

Game seed: 11238982178633601407

602 Iscandelvey the Vexing (level 7, -2/48 HPs)
             Began as a Demonspawn Arcane Marksman on May 2, 2019.
             Was an Initiate of Kikubaaqudgha.
             Slain by an ice beast (10 damage)
             ... on level 5 of the Dungeon.
             The game lasted 00:42:45 (6453 turns).

Iscandelvey the Vexing (Demonspawn Arcane Marksman) Turns: 6453, Time: 00:42:46

Health: -2/48      AC:  7    Str: 14    XL:     7   Next: 18%
Magic:  1/11       EV: 13    Int: 17    God:    Kikubaaqudgha [......]
Gold:   288        SH:  0    Dex: 13    Spells: 8/11 levels left

rFire    . . .     SeeInvis .   v - +1 mace (protect)
rCold    . . .     Gourm    +   (no shield)
rNeg     . . .     Faith    .   m - +0 leather armour
rPois    .         Spirit   .   (no helmet)
rElec    .         Reflect  .   (no cloak)
rCorr    .         Harm     .   s - +0 pair of gloves
MR       .....                  l - +0 pair of boots
Stlth    +.........             b - amulet of the gourmand
HPRegen  0.16/turn              H - +4 ring of strength
MPRegen  0.12/turn              (no ring)

@: no status effects
A: talons 1, slimy green scales 1, powered by death 2
a: Renounce Religion


You were on level 5 of the Dungeon.
You worshipped Kikubaaqudgha.
Kikubaaqudgha was noncommittal.
You were not hungry.

You visited 2 branches of the dungeon, and saw 8 of its levels.

You collected 288 gold pieces.

Inventory:

Hand Weapons
 a - a +0 hand crossbow
 h - a +0 club
 j - a +0 dagger
 p - a +4 dagger
 q - a +0 hunting sling
 r - a +2 whip of pain
 v - a +1 mace of protection (weapon)
 D - a +0 halberd
 G - a +1 long sword of slicing
Missiles
 c - 67 sling bullets
 d - 9 bolts
 n - 62 arrows
 t - 110 stones
 F - 8 tomahawks (quivered)
Armour
 e - a +0 robe
 k - a +2 shield
 l - a +0 pair of boots (worn)
 m - a +0 leather armour (worn)
 s - a +0 pair of gloves (worn)
 A - a scarf of spirit shield
Jewellery
 b - an amulet of the gourmand (around neck)
 H - a +4 ring of strength (left hand)
Scrolls
 g - 10 scrolls of identify {unknown}
 i - 2 scrolls of remove curse {unknown}
 u - a scroll of enchant armour {unknown}
 w - a scroll of enchant weapon {unknown}
 y - 3 scrolls of amnesia {unknown}
 J - 2 scrolls of blinking {unknown}
 K - a scroll of teleportation {unknown}
Potions
 o - a potion of degeneration {unknown}
 x - 3 potions of haste
 z - a potion of brilliance {unknown}
 B - 3 potions of berserk rage {unknown}
 C - a potion of resistance
 E - a potion of curing {unknown}
 I - a potion of heal wounds {unknown}
Comestibles
 f - 8 rations


   Skills:
 - Level 1.1 Fighting
 * Level 4.1 Crossbows
 + Level 3.2 Dodging
 + Level 1.3 Shields
 + Level 2.7 Spellcasting
 * Level 5.3 Hexes


You had 8 spell levels left.
You knew the following spells:

 Your Spells              Type           Power        Failure   Level  Hunger
a - Corona                Hex            ###....      2%          1    #......
b - Slow                  Hex            ###.....     3%          2    ##.....

Your spell library contained the following spells:

 Spells                   Type           Power        Failure   Level  Hunger
 Inner Flame              Hex/Fire       ##......     22%         3    ###....
 Portal Projectile        Hex/Tloc       ##....       22%         3    ###....
 Cause Fear               Hex            ###.......   26%         4    #####..
 Leda's Liquefaction      Hex/Erth       ##........   58%         4    #####..


Dungeon Overview and Level Annotations

Branches:
Dungeon (7/15)             Temple (1/1) D:6

Altars:
Ashenzari
Cheibriados
Dithmenos
Elyvilon
Fedhas
Gozag
Hepliaklqana
Kikubaaqudgha
Makhleb
Nemelex Xobeh
Qazlal
Ru
Sif Muna
Trog
Uskayaw
Vehumet
Wu Jian
Xom
Yredelemnul
The Shining One

Annotations:
D:5 Sigmund


Innate Abilities, Weirdness & Mutations

You have sharp toenails.
You are partially covered in slimy green scales. (AC +2)
You regenerate health from kills.


Message History

Aiming: Slow (safe; 3% risk of failure)
Press: ? - help, Shift-Dir - straight line, f/p - ice beast
Aim: an ice beast (lightly wounded, chance to defeat MR: 59%)
The ice beast resists with significant effort.
The ice beast hits you. The ice beast freezes you!
* * * LOW HITPOINT WARNING * * *
There is a stone staircase leading up here.
Your magical contamination has completely faded away.
There is a stone staircase leading up here.
Casting: Slow (safe; 3% risk of failure)
Confirm with . or Enter, or press ? or * to list all spells.
Aiming: Slow (safe; 3% risk of failure)
Press: ? - help, Shift-Dir - straight line, f/p - ice beast
Aim: an ice beast (lightly wounded, chance to defeat MR: 59%)
The ice beast resists with significant effort.
The ice beast hits you.
* * * LOW HITPOINT WARNING * * *
The ice beast freezes you!
You die...
Kikubaaqudgha rasps: "You have failed me!
Welcome... death!"

... ##...##....# #...
##........... ##.?.
#............
###...####........#.#
#...?... #...........
##......###...##......
#.............<.......
#....................
#...@Y.............##
#....#.##..#.........##
#... ###..##...#.....##
#... #.##....#....##.
##. ......#..##...... #
...#..#...#......
..####.##........# < ..
##........ ..
#.........


You could see an ice beast.

Vanquished Creatures
  An ogre (D:6)
  2 scorpions (D:6)
  2 howler monkeys
  2 hounds
  A jelly (D:6)
  3 worker ants (D:4)
  7 adders
  A shadow imp (D:6)
  An ooze (D:4)
  A dart slug (D:3)
  5 worms
  4 leopard geckos
  6 orcs
  4 ball pythons
  A bat skeleton (D:2)
  4 giant cockroaches
  8 goblins
  7 hobgoblins
  2 jackals
  3 kobolds
  4 quokkas
  A ball python skeleton (D:5)
  9 bats
  7 frilled lizards
  10 rats
96 creatures vanquished.

Notes
Turn   | Place    | Note
-------+----------+-------------------------------------------
     0 | D:1      | Iscandelvey the Demonspawn Arcane Marksman began the quest
                  | for the Orb.
     0 | D:1      | Reached XP level 1. HP: 15/15 MP: 2/2
    68 | D:1      | Gained mutation: You regenerate a little health from kills.
                  | [demonic ancestry]
    68 | D:1      | Reached XP level 2. HP: 13/21 MP: 3/3
   439 | D:1      | Learned a level 2 spell: Slow
   543 | D:1      | You fall through a shaft!
   862 | D:2      | Reached XP level 3. HP: 26/26 MP: 0/4
  1358 | D:2      | Found a snail-covered altar of Cheibriados.
  1452 | D:2      | Gained mutation: You have sharp toenails. [demonic
                  | ancestry]
  1452 | D:2      | Reached XP level 4. HP: 28/32 MP: 1/6
  1550 | D:2      | Reached skill level 4 in Hexes
  1796 | D:2      | Noticed a sky beast
  2287 | D:2      | Gained mutation: You are partially covered in slimy green
                  | scales. (AC +2) [demonic ancestry]
  2287 | D:2      | Reached XP level 5. HP: 23/37 MP: 7/7
  3075 | D:3      | Found an opulent altar of Gozag.
  3081 | D:3      | Found a sparkling altar of Nemelex Xobeh.
  3618 | D:4      | Found a sacrificial altar of Ru.
  3955 | D:4      | Reached XP level 6. HP: 28/43 MP: 9/9
  4263 | D:4      | Noticed a slave
  4300 | D:5      | Entered Level 5 of the Dungeon
  4403 | D:5      | Noticed Sigmund
  4769 | D:6      | Reached skill level 5 in Hexes
  5187 | D:6      | Found a staircase to the Ecumenical Temple.
  5232 | Temple   | Entered the Ecumenical Temple
  5530 | D:6      | Found a faded altar of an unknown god.
  5530 | D:6      | Found an ancient bone altar of Kikubaaqudgha.
  5535 | D:6      | Found a stormy altar of Qazlal.
  5545 | D:6      | Reached skill level 1 in Shields
  5547 | D:6      | Became a worshipper of Kikubaaqudgha
  5561 | D:6      | Found a burning altar of Makhleb.
  5563 | D:6      | Found a shimmering altar of Xom.
  5752 | D:6      | Gained mutation: You regenerate health from kills. [demonic
                  | ancestry]
  5752 | D:6      | Reached XP level 7. HP: 47/48 MP: 6/10
  6093 | D:6      | Found a radiant altar of Vehumet.
  6102 | D:6      | Found a shadowy altar of Dithmenos.
  6453 | D:5      | Slain by an ice beast

Skill      XL: |  1  2  3  4  5  6 |
---------------+-------------------+-----
Crossbows      | 2 3 4 |  4.1
Dodging        | 2 3 |  3.2
Hexes          | 4 5 |  5.3
Spellcasting   | 2 |  2.7
Shields        | 1 |  1.3
Fighting       | |  1.1

Action                   |  1- 3 |  4- 6 |  7- 9 || total
-------------------------+-------+-------+-------++-------
Melee: Dagger            |    37 |    72 |       ||   109
       Club              |    23 |       |       ||    23
       Mace              |       |   130 |    17 ||   147
 Fire: Hand crossbow     |    39 |    25 |       ||    64
       Hunting sling     |    20 |    74 |     5 ||    99
Throw: Stone             |       |     1 |       ||     1
 Cast: Corona            |    10 |    13 |     1 ||    24
       Slow              |     7 |    45 |     7 ||    59
  Use: Potion            |       |     2 |       ||     2
 Stab: Sleeping          |       |     1 |       ||     1
  Eat: Chunk             |    17 |    12 |     2 ||    31
Armor: Robe              |    17 |    37 |       ||    54
       Leather armour    |       |    69 |     5 ||    74
Dodge: Dodged            |    49 |   189 |    15 ||   253
Block: Shield            |     5 |    32 |       ||    37
